 Dungeon Crawl Stone Soup version 0.20-a0-187-ge5586d949a (webtiles) character file.

158 feito the Cutter (level 5, 0/36 HPs)
             Began as a Halfling Fighter on Nov 23, 2016.
             Was an Initiate of Okawaru.
             Killed by nerve-wracking pain
             ... invoked by an orc priest
              (9 damage)
             ... on level 4 of the Dungeon.
             The game lasted 00:13:57 (2778 turns).

feito the Cutter (Halfling Fighter)                 Turns: 2778, Time: 00:13:58

Health: 0/36       AC:  9    Str: 17    XL:     5   Next: 66%
Magic:  5/5        EV:  9    Int:  6    God:    Okawaru [......]
Gold:   125        SH: 10    Dex: 15    Spells: 4/4 levels left

rFire  . . .     SeeInvis .     G - -3 short sword (curse)
rCold  . . .     Gourm    .     y - +0 scale mail
rNeg   . . .     Faith    .     c - +0 shield
rPois  .         Spirit   .     (no helmet)
rElec  .         Reflect  .     (no cloak)
rCorr  .         Harm     .     (no gloves)
MR     .....                    z - +1 pair of boots
Stlth  ..........               g - amulet of regeneration
                                (no ring)
                                (no ring)

@: no status effects
A: mutation resistance 1
a: Renounce Religion


You were on level 4 of the Dungeon.
You worshipped Okawaru.
Okawaru was noncommittal.
You were hungry.

You visited 1 branch of the dungeon, and saw 4 of its levels.

You collected 125 gold pieces.

Inventory:

Hand Weapons
 a - a +0 rapier
 b - a +0 hunting sling
 E - a +0 dagger of venom
 G - a cursed -3 short sword (weapon)
Missiles
 n - 18 poisoned needles
 s - 34 stones (quivered)
 x - 13 sling bullets
Armour
 c - a +0 shield (worn)
 y - a +0 scale mail (worn)
 z - a +1 pair of boots (worn)
Jewellery
 g - an amulet of regeneration (around neck)
 r - a +3 ring of strength {unknown}
Wands
 d - a wand of teleportation (0/9)
 u - a wand of flame (39/48)
Scrolls
 j - a scroll of immolation
 p - a scroll of recharging
 t - a scroll of identify
Potions
 e - a potion of beneficial mutation {unknown}
 h - a potion of cure mutation {unknown}
 i - 2 potions of magic
 k - a potion of heal wounds {unknown}
 l - a potion of cancellation {unknown}
 o - a potion of haste {unknown}
 C - 2 potions of brilliance {unknown}
 F - a potion of curing {unknown}
Comestibles
 f - 5 bread rations
 m - a chunk of flesh
 q - a beef jerky
 v - 5 meat rations
 w - 3 fruits


   Skills:
 + Level 3.5 Fighting
 * Level 4.1 Short Blades
 + Level 0.0 Slings
 + Level 4.0 Armour
 + Level 0.9 Dodging
 + Level 4.0 Shields
 + Level 1.0 Invocations


You had 4 spell levels left.
You didn't know any spells.

Dungeon Overview and Level Annotations

Branches:
Dungeon (4/15)
 Temple: D:4-7

Altars:
Ashenzari
Makhleb
Okawaru
Yredelemnul


Innate Abilities, Weirdness & Mutations

You are small and have problems with some larger weapons.
You are somewhat resistant to further mutation.


Message History

Pain shoots through your body!
You hit the orc priest but do no damage.
The orc priest is heavily wounded.
The orc priest closely misses you.
You hit the orc priest but do no damage.
The orc priest is heavily wounded.
The orc priest looks braver for a moment.
You hit the orc priest but do no damage.
The orc priest is heavily wounded.
The orc priest invokes the aid of Beogh against you.
Beogh smites you!
* * * LOW HITPOINT WARNING * * *
You completely miss the orc priest.
The orc priest is heavily wounded.
The orc priest barely misses you.
You closely miss the orc priest.
The orc priest is heavily wounded.
The orc priest calls down the wrath of Beogh upon you.
Pain shoots through your body!
You die...

#.....###...# #._.#
+.....+.....# #§.§# #.....
#....# ##### #..... #...?#
#....$ #....+ ##########
#.....###...#### #####.........
#..............# #.#...........
#......#######o##.#.............
#......####<#..@..##............
#.........#.########............
#.....###.#...# #...........†
#..... #.###.######..$........)
....... #.o$.o...............###
...#### #####.######.........# #
... #.##.............#+# ..
#...................
###......>#.........


You could see an orc priest.

Vanquished Creatures
  A crimson imp (D:3)
  Ijyb (D:2)
  2 adders
  2 worms (D:2)
  A dart slug (D:2)
  3 leopard geckos
  3 orcs
  2 ball pythons
  8 giant cockroaches
  6 goblins
  6 hobgoblins
  2 kobolds
  2 quokkas (D:2)
  2 bats
  A frilled lizard (D:2)
  30 rats
72 creatures vanquished.

Notes
Turn   | Place    | Note
-------+----------+-------------------------------------------
     0 | D:1      | feito the Halfling Fighter began the quest for the Orb.
     0 | D:1      | Reached XP level 1. HP: 15/15 MP: 1/1
   120 | D:1      | Reached XP level 2. HP: 20/20 MP: 2/2
   583 | D:1      | Reached XP level 3. HP: 20/25 MP: 3/3
   972 | D:2      | Found an iron altar of Okawaru.
  1055 | D:2      | Became a worshipper of Warmaster Okawaru
  1181 | D:2      | Reached XP level 4. HP: 21/31 MP: 4/4
  1673 | D:3      | Reached XP level 5. HP: 34/36 MP: 5/5
  1710 | D:3      | Found a shattered altar of Ashenzari.
  2075 | D:3      | Noticed Ijyb
  2127 | D:2      | Killed Ijyb
  2192 | D:3      | Found a burning altar of Makhleb.
  2431 | D:3      | Reached skill level 1 in Invocations
  2626 | D:4      | Found a basalt altar of Yredelemnul.
  2778 | D:4      | Killed from afar by an orc priest

Vault maps used:
D:1:      minmay_arrival_diagonal_passages
D:2:      lemuel_coloured_pillars_altar, first_bread, minmay_rat_hole
D:3:      ashenzari_altar_1, bloody_makhleb, uniq_iyjb
D:4:      kennysheep_mini_moat, kennysheep_vampire_church,
          grunt_temple_overflow_holy_war

Skill      XL: |  1  2  3  4  5 |
---------------+----------------+-----
Short Blades   | 3 4 |  4.1
Fighting       | 3 |  3.5
Invocations    | 1 |  1.0
Shields        | 4 |  4.0
Armour         | 4 |  4.0
Dodging        | |  0.9

Action                   |  1- 3 |  4- 6 || total
-------------------------+-------+-------++-------
Melee: Rapier            |   108 |   124 ||   232
       Short sword       |       |    48 ||    48
       Dagger            |       |    24 ||    24
  Use: Scroll            |       |     8 ||     8
       Potion            |       |     1 ||     1
  Eat: Chunk             |       |     4 ||     4
       Pizza             |       |     1 ||     1
Armor: Scale mail        |    27 |    56 ||    83
Dodge: Dodged            |    18 |    55 ||    73
Block: Shield            |    40 |    71 ||   111
